 Dungeon Crawl Stone Soup version 0.20.0-8-g6b59dc7 (webtiles) character file.

127652 theElss the Eclecticist (level 16, -6/88 HPs)
             Began as a Deep Elf Conjurer on May 31, 2017.
             Was a High Priest of Vehumet.
             Killed by divine providence
             ... invoked by a meliai
              (8 damage)
             ... on level 15 of the Dungeon on June 1, 2017.
             The game lasted 03:10:04 (46814 turns).

theElss the Eclecticist (Deep Elf Conjurer)        Turns: 46814, Time: 03:10:05

Health: -6/88      AC: 13    Str:  7    XL:     16   Next: 46%
Magic:  28/51      EV: 15    Int: 26    God:    Vehumet [*****.]
Gold:   1244       SH:  5    Dex: 15    Spells: 9/55 levels left

rFire    + . .     SeeInvis .   w - +5 trident of Rukaer {freeze, rPois}
rCold    . . .     Gourm    .   T - +0 buckler
rNeg     . . .     Faith    .   C - +1 leather armour of the Shore {rF+ Stlth+}
rPois    +         Spirit   .   W - +2 hat
rElec    .         Reflect  .   K - +0 cloak
rCorr    .         Harm     .   B - +1 pair of gloves
MR       +....     Rnd*Tele +   G - +2 pair of boots
Stlth    ++++......             (no amulet)
Regen    0.3/turn               m - ring of magical power
MPRegen  0.4/turn               y - ring of teleportation

@: very slightly contaminated
A: subdued magic 1
a: Renounce Religion


You were on level 15 of the Dungeon.
You worshipped Vehumet.
Vehumet was extremely pleased with you.
You were not hungry.

You visited 4 branches of the dungeon, and saw 24 of its levels.

You collected 2100 gold pieces.
You spent 856 gold pieces at shops.

Inventory:

Hand Weapons
 r - the +3 mace of Ludim {speed, Str+4}
   (You took it off a centaur on level 12 of the Dungeon)

   Attacks with this weapon are significantly faster.
   It affects your strength (+4).
 w - the +5 trident of Rukaer (weapon) {freeze, rPois}
   (You found it on level 4 of the Dungeon)

   It has been specially enchanted to freeze those struck by it, causing extra
   injury to most foes and up to half again as much damage against particularly
   susceptible opponents.
   It can also slow down cold-blooded creatures.
   It protects you from poison.
 R - a +1 morningstar of protection
Armour
 B - a +1 pair of gloves (worn)
 C - the +1 leather armour of the Shore (worn) {rF+ Stlth+}
   (You found it on level 6 of the Lair of Beasts)

   It protects you from fire.
   It makes you more stealthy.
 G - a +2 pair of boots (worn)
 K - a +0 cloak (worn)
 T - a +0 buckler (worn)
 W - a +2 hat (worn)
Jewellery
 i - an uncursed amulet of harm
 m - a ring of magical power (left hand)
 y - a ring of teleportation (right hand)
 F - an uncursed ring of flight
 I - a +4 ring of slaying
 N - an uncursed ring of ice {unknown}
 P - an uncursed ring of protection from cold
 Q - an uncursed ring of protection from fire
Wands
 a - a wand of flame (19/48)
 n - a wand of disintegration (9/24)
 q - a wand of polymorph (4/24)
 s - a wand of lightning (4/15)
 x - a wand of lightning (5/15)
 D - a wand of digging (10/24)
 S - a wand of polymorph (13/24)
 Z - a wand of flame (12/48)
Scrolls
 e - a scroll of enchant weapon
 k - 2 scrolls of magic mapping
 l - a scroll of summoning
 o - 6 scrolls of remove curse
 t - 2 scrolls of silence
 J - 3 scrolls of blinking
 L - 5 scrolls of fog
 U - a scroll of identify
Potions
 b - a potion of flight {unknown}
 g - a potion of berserk rage {unknown}
 h - 6 potions of curing
 j - 3 potions of invisibility
 p - 3 potions of cancellation
 u - 2 potions of haste
 v - 2 potions of resistance
 E - 2 potions of magic
 M - a potion of mutation {unknown}
Books
 O - a book of Death

   Spells                             Type                      Level
   a - Corpse Rot                     Necromancy                   2
   b - Sublimation of Blood           Necromancy                   2
   c - Agony                          Necromancy                   5
   d - Dispel Undead                  Necromancy                   5
   e - Excruciating Wounds            Charms/Necromancy            5
   f - Bolt of Draining               Conjuration/Necromancy       5
Miscellaneous
 X - a fan of gales (inert)
Comestibles
 c - 8 bread rations
 d - 11 royal jellies
 f - 7 meat rations
 z - 4 chunks of flesh
 H - 15 fruits


   Skills:
 * Level 5.4 Fighting
 + Level 4.5 Armour
 + Level 6.8 Dodging
 - Level 5.6 Stealth
 + Level 5.9 Shields
 + Level 20.1 Spellcasting
 + Level 17.9 Conjurations
 * Level 10.7 Fire Magic
 - Level 0.2 Poison Magic
 * Level 10.7 Evocations


You had 9 spell levels left.
You knew the following spells:

 Your Spells              Type           Power        Failure   Level  Hunger
a - Magic Dart            Conj           ####         0%          1    None
b - Force Lance           Conj/Tloc      ######..     1%          4    None
c - Searing Ray           Conj           ######       0%          2    None
d - Iskenderun's Mystic   Conj           #######.     0%          4    None
e - Fulminant Prism       Conj/Hex       ######....   1%          4    None
f - Mephitic Cloud        Conj/Pois/Air  #####...     1%          3    None
g - Blink                 Tloc           N/A          2%          2    None
h - Flame Tongue          Conj/Fire      #####        0%          1    None
i - Passwall              Tmut/Erth      ###.......   2%          2    None
j - Teleport Other        Tloc           ###.....     5%          3    None
k - Bolt of Magma         Conj/Fire/Erth ######....   1%          5    None
l - Bolt of Fire          Conj/Fire      ######....   1%          6    ##.....
m - Fireball              Conj/Fire      ######....   1%          5    None
n - Sticky Flame          Conj/Fire      ######..     1%          4    None


Dungeon Overview and Level Annotations

Branches:
Dungeon (15/15)            Temple (1/1) D:7            Lair (6/6) D:8
 Shoals (0/4) Lair:4        Snake (0/4) Lair:2        Slime (0/5) Lair:6
    Orc (2/2) D:10            Elf (0/3) Orc:2        Vaults (0/5) D:13
 Depths (0/5) D:15

Altars:
Ashenzari
Cheibriados
Dithmenos
Elyvilon
Fedhas
Gozag
Hepliaklqana
Kikubaaqudgha
Makhleb
Nemelex Xobeh
Okawaru
Qazlal
Ru
Sif Muna
Trog
Uskayaw
Vehumet
Xom
Yredelemnul
Zin
The Shining One
Beogh
Jiyva

Shops:
D:10 (*   D:12 :   D:14 ?   Orc:2 %:(*[


Innate Abilities, Weirdness & Mutations

Your spells are a little easier to cast, but a little less powerful.


Message History

The meliai hits you with a steaming whip {slash}.
* * * LOW HITPOINT WARNING * * *
x2 The meliai stings you but does no damage.
The meliai barely misses you. The meliai misses you.
The meliai hits you with a steaming whip {slash}.
* * * LOW HITPOINT WARNING * * *
x2 The meliai stings you but does no damage.
The meliai invokes the aid of its god against you.
Something smites you!
* * * LOW HITPOINT WARNING * * *
Unknown command.
Okay, then.
Okay, then.
Blink to where?
Press: ? - help, Dir - move target cursor You are very lightly contaminated with residual magic.
As you read the scroll of blinking, it crumbles to dust.
The meliai calls down the wrath of its god upon you.
Something smites you!
You die...

#### ...### #### ### .....######
#####..####.### ##
.###(..##.####........o....#####.
...#............)##...##.y.......
##.#....##..##....#...#y#..##....
.#......##...#....##..y##........
.#.#...#.....##.............##..#
.#.#............@.............)..
.#.#..#########################..
#....###########################'
...#.##......#......##≈≈≈≈≈≈≈≈≈≈≈
..##.##..##.#'#..##)##≈P.........
.##..##..#...#...#..##≈P..P.._...
.....##.##..#'#.##..##≈P⌠......._
#######...(..#....).##≈P....8....
# ##.#(####.#.#.##≈≈≈≈≈≈≈≈8..


You could see 2 meliai.

Vanquished Creatures
  A tengu reaver (D:15)
  A storm dragon (D:13)
  A fire giant (D:15)
  An orc warlord (Orc:2)
  An ettin (Orc:2)
  2 yaktaur captains
  Josephine (D:15)
  A vault guard (D:13)
  17 hydras
  A rakshasa (D:15)
  4 catoblepae
  2 ogre magi (D:15)
  4 centaur warriors
  7 two-headed ogres
  2 death knights (D:14)
  2 tengu warriors
  14 death yaks
  The ghost of armaa the Cleaver, a novice FoGl of Qazlal (D:12)
  3 orc high priests (Orc:2)
  Sonja (D:12)
  The ghost of Gorglomux the Transmogrifier, a novice MfTm of Cheibriados (D:7)
  A deep elf knight (D:15)
  A glowing orange brain (D:15)
  2 skeletal warriors
  A deep troll (D:13)
  2 unseen horrors
  3 orc knights (Orc:2)
  A deep elf mage (D:13)
  2 phantasmal warriors (D:13)
  5 oklob plants
  Pikel (D:5)
  2 orc sorcerers (Orc:2)
  11 ugly things
  6 cyclopes
  8 manticores
  9 black mambas
  16 elephants
  17 spiny frogs
  3 gargoyles
  A rime drake (shapeshifter) (D:15)
  4 komodo dragons
  3 rime drakes (Lair:3)
  2 freezing wraiths
  A tengu conjurer (D:15)
  A queen bee (Lair:3)
  A wind drake (shapeshifter) (D:15)
  A merfolk (shapeshifter) (D:15)
  4 polar bears
  12 trolls
  5 hornets
  A hornet (shapeshifter) (D:13)
  12 blink frogs
  A slime creature (D:13)
  11 dream sheep
  15 hippogriffs
  A centaur simulacrum (D:15)
  Sigmund (D:5)
  A vampire (D:15)
  6 wraiths
  A shadow (D:13)
  6 wyverns
  66 yaks
  6 basilisks
  2 steam dragons
  7 vampire mosquitoes
  A hungry ghost (D:15)
  Edmund (D:4)
  3 wargs
  2 acid dragons
  11 water moccasins
  7 porcupines
  2 black bears (D:12)
  5 sky beasts
  An eye of draining (D:15)
  47 orc warriors
  11 ogres
  An ice beast (D:13)
  4 phantoms
  A necrophage (D:10)
  11 wolves
  15 crocodiles
  8 centaurs
  Blork the orc (D:5)
  28 bullfrogs
  7 big kobolds
  A gnoll sergeant (D:10)
  2 wyvern zombies
  5 scorpions
  A wyvern skeleton (D:14)
  26 killer bees
  13 wights
  7 electric eels
  A vampire bat (Lair:4)
  11 crimson imps
  4 centaur zombies
  6 jellies
  21 orc priests
  6 hounds
  11 orc wizards
  5 bullfrog skeletons
  6 iguanas
  Terence (D:2)
  15 worker ants
  3 hound skeletons
  A worker ant zombie (D:11)
  15 adders
  5 gnolls (D:10)
  A river rat (Lair:3)
  5 shadow imps
  12 white imps (Lair:1)
  An ooze (D:2)
  3 adder skeletons
  A worm (D:3)
  A dart slug (D:2)
  5 leopard geckos
  85 orcs
  12 bats
  9 giant cockroaches
  8 goblins
  5 hobgoblins
  15 jackals
  16 kobolds
  5 quokkas
  6 frilled lizards
  A jackal zombie (D:7)
  A quokka skeleton (D:5)
  10 rats
  2 fungi (Orc:2)
  3 plants
871 creatures vanquished.

Vanquished Creatures (others)
  A manticore (D:15)
  7 fulminant prisms
  22 fungi
  20 plants
50 creatures vanquished.

Grand Total: 921 creatures vanquished

Notes
Turn   | Place    | Note
-------+----------+-------------------------------------------
     0 | D:1      | theElss the Deep Elf Conjurer began the quest for the Orb.
     0 | D:1      | Reached XP level 1. HP: 10/10 MP: 6/6
   344 | D:1      | Reached XP level 2. HP: 15/15 MP: 4/8
   749 | D:1      | Learned a level 2 spell: Searing Ray
   793 | D:2      | Reached skill level 5 in Conjurations
   793 | D:2      | Reached XP level 3. HP: 19/19 MP: 7/10
  1169 | D:2      | Reached skill level 4 in Spellcasting
  1360 | D:2      | Noticed Terence
  1365 | D:2      | Killed Terence
  1365 | D:2      | Reached XP level 4. HP: 15/24 MP: 3/12
  2086 | D:3      | Learned a level 4 spell: Iskenderun's Mystic Blast
  2091 | D:3      | Learned a level 4 spell: Force Lance
  2391 | D:3      | Reached XP level 5. HP: 28/28 MP: 10/14
  2946 | D:4      | Noticed Edmund
  2961 | D:4      | Got a sapphire trident
  2962 | D:4      | Identified the +5 trident of Rukaer {freeze, rPois} (You found it on level 4 of the Dungeon)
  2970 | D:4      | Reached skill level 5 in Spellcasting
  3525 | D:5      | Entered Level 5 of the Dungeon
  3529 | D:5      | Reached XP level 6. HP: 31/32 MP: 11/16
  3585 | D:5      | Noticed a slave
  3586 | D:5      | Noticed Pikel
  3587 | D:5      | Noticed a slave
  3770 | D:6      | Reached skill level 6 in Spellcasting
  4476 | D:5      | Noticed Blork the orc
  4484 | D:5      | Killed Blork the orc
  4484 | D:5      | Reached XP level 7. HP: 20/36 MP: 12/18
  4731 | D:5      | Noticed Sigmund
  4784 | D:5      | Killed Pikel
  4784 | D:5      | Reached skill level 1 in Fighting
  4784 | D:5      | Reached skill level 7 in Spellcasting
  4785 | D:5      | Reached XP level 8. HP: 36/43 MP: 1/21
  5119 | D:5      | Reached skill level 8 in Spellcasting
  5414 | D:5      | Killed Sigmund
  5812 | D:4      | Killed Edmund
  6054 | D:4      | Reached skill level 5 in Stealth
  6054 | D:4      | Reached skill level 9 in Spellcasting
  6758 | D:6      | Learned a level 4 spell: Fulminant Prism
  6916 | D:7      | Noticed Gorglomux's ghost (novice MfTm)
  7505 | D:7      | Reached XP level 9. HP: 43/48 MP: 14/24
  7778 | D:7      | Reached skill level 1 in Armour
  8030 | D:7      | Reached skill level 10 in Conjurations
  8214 | D:7      | Found a staircase to the Ecumenical Temple.
  8221 | Temple   | Entered the Ecumenical Temple
  8510 | D:7      | Killed Gorglomux's ghost
  8510 | D:7      | Reached skill level 10 in Spellcasting
  9479 | D:8      | Reached skill level 11 in Spellcasting
  9621 | D:8      | Found a staircase to the Lair.
  9621 | D:8      | Noticed a death yak
  9678 | D:8      | Killed a death yak
  9678 | D:8      | Reached XP level 10. HP: 54/54 MP: 0/27
  9681 | D:8      | Noticed a death yak
 10138 | D:8      | Noticed a death yak
 10205 | D:7      | Killed a death yak
 10571 | D:8      | Killed a death yak
 10571 | D:8      | Reached skill level 12 in Spellcasting
 11020 | D:8      | Found a snail-covered altar of Cheibriados.
 11022 | D:8      | Found a white marble altar of Elyvilon.
 11023 | D:8      | Found a radiant altar of Vehumet.
 11029 | D:8      | Became a worshipper of Vehumet
 11851 | D:9      | Noticed a two-headed ogre
 11856 | D:9      | Killed a two-headed ogre
 11856 | D:9      | Reached skill level 13 in Spellcasting
 12085 | D:9      | Reached XP level 11. HP: 59/59 MP: 7/30
 12220 | D:9      | Noticed a three-headed hydra
 12301 | D:9      | Killed a three-headed hydra
 12643 | D:9      | Learned a level 3 spell: Mephitic Cloud
 12646 | D:9      | Learned a level 2 spell: Blink
 12936 | D:10     | Entered Level 10 of the Dungeon
 13146 | D:10     | Reached * piety under Vehumet
 13146 | D:10     | Offered knowledge of Flame Tongue by Vehumet.
 13240 | D:10     | Learned a level 1 spell: Flame Tongue
 13289 | D:10     | Found Fabu's Antique Weapon Shoppe.
 13767 | D:10     | Learned a level 2 spell: Passwall
 13816 | D:10     | Found a staircase to the Orcish Mines.
 14039 | D:10     | Found a roughly hewn altar of Beogh.
 14071 | D:10     | Found Teeck's Assorted Antiques.
 14214 | D:11     | Killed an unseen horror
 14214 | D:11     | Reached skill level 1 in Shields
 14848 | D:11     | Noticed a four-headed hydra
 15321 | D:11     | Offered knowledge of Sting by Vehumet.
 15321 | D:11     | Reached ** piety under Vehumet
 15873 | D:11     | Killed a four-headed hydra
 15873 | D:11     | Reached skill level 5 in Shields
 15994 | D:11     | Reached skill level 14 in Spellcasting
 16146 | D:11     | Noticed a seven-headed hydra
 16153 | D:11     | Killed a seven-headed hydra
 16153 | D:11     | Reached skill level 1 in Evocations
 16366 | D:11     | Found a blossoming altar of Fedhas.
 16493 | Lair:1   | Entered Level 1 of the Lair of Beasts
 16573 | Lair:1   | Reached skill level 1 in Fire Magic
 16890 | Lair:1   | Reached XP level 12. HP: 47/64 MP: 4/32
 17155 | Lair:1   | Noticed a five-headed hydra
 17188 | Lair:1   | Killed a five-headed hydra
 17520 | Lair:1   | Noticed a four-headed hydra
 17575 | Lair:1   | Killed a four-headed hydra
 18657 | Lair:2   | Reached skill level 5 in Dodging
 18665 | Lair:2   | Found a staircase to the Snake Pit.
 19045 | Lair:3   | Found a hide-covered altar of Uskayaw.
 19156 | Lair:3   | Noticed a seven-headed hydra
 19323 | Lair:3   | Noticed an eight-headed hydra
 19328 | Lair:3   | Killed an eight-headed hydra
 19328 | Lair:3   | Reached skill level 15 in Spellcasting
 19587 | Lair:3   | Killed a seven-headed hydra
 19761 | Lair:3   | Offered knowledge of Throw Frost by Vehumet.
 20063 | Lair:3   | Reached *** piety under Vehumet
 20418 | Lair:2   | Noticed a seven-headed hydra
 20490 | Lair:2   | Killed a seven-headed hydra
 20621 | Lair:3   | Reached skill level 5 in Evocations
 21052 | Lair:3   | Offered knowledge of Olgreb's Toxic Radiance by Vehumet.
 21549 | Lair:3   | Reached XP level 13. HP: 68/68 MP: 21/34
 21663 | Lair:3   | Reached skill level 5 in Fire Magic
 21948 | Lair:3   | Reached **** piety under Vehumet
 23335 | Lair:4   | Learned a level 3 spell: Teleport Other
 23425 | Lair:4   | Reached skill level 16 in Spellcasting
 23518 | Lair:4   | Offered knowledge of Airstrike by Vehumet.
 24022 | Lair:4   | Found a staircase to the Shoals.
 25163 | Lair:5   | Reached skill level 15 in Conjurations
 26885 | Lair:5   | Reached skill level 17 in Spellcasting
 27129 | Lair:5   | Reached XP level 14. HP: 74/74 MP: 30/37
 27692 | Lair:6   | Entered Level 6 of the Lair of Beasts
 28003 | Lair:6   | Found a viscous altar of Jiyva.
 28003 | Lair:6   | Found a staircase to the Slime Pits.
 28648 | Lair:6   | Reached ***** piety under Vehumet
 28710 | Lair:6   | Offered knowledge of Freezing Cloud by Vehumet.
 30231 | Lair:6   | Reached skill level 18 in Spellcasting
 30886 | Lair:6   | Got a transparent leather armour
 31552 | Lair:5   | Identified the +1 leather armour of the Shore {rF+ Stlth+} (You found it on level 6 of the Lair of Beasts)
 32386 | Orc:1    | Entered Level 1 of the Orcish Mines
 32734 | Orc:2    | Entered Level 2 of the Orcish Mines
 33405 | Orc:2    | Found Aqiec Icig's General Store.
 33554 | Orc:2    | Bought a potion of degeneration for 11 gold pieces
 33554 | Orc:2    | Bought a potion of resistance for 110 gold pieces
 33962 | Orc:2    | Found Assekys's Book Emporium.
 33978 | Orc:2    | Found a staircase to the Elven Halls.
 34405 | Orc:2    | Noticed an orc warlord
 34421 | Orc:2    | Gained mutation: Your spells are a little easier to cast, but a little less powerful. [a neqoxec]
 34574 | Orc:2    | Reached XP level 15. HP: 78/78 MP: 33/39
 34756 | Orc:2    | Found Uxody's Antique Armour Shop.
 34890 | Orc:2    | Killed an orc warlord
 34975 | Orc:2    | Offered knowledge of Bolt of Magma by Vehumet.
 34982 | Orc:2    | Learned a level 5 spell: Bolt of Magma
 35360 | Orc:2    | Found Jethulun's Antique Weapon Shop.
 35885 | Orc:2    | Found Wyidwira's Food Emporium.
 36832 | D:12     | Noticed armaa's ghost (novice FoGl)
 36838 | D:12     | Killed armaa's ghost
 37514 | D:12     | Offered knowledge of Bolt of Fire by Vehumet.
 37544 | D:12     | Learned a level 6 spell: Bolt of Fire
 37873 | D:12     | Got an uncursed slimy mace {speed}
 37878 | D:12     | Identified the +3 mace of Ludim {speed, Str+4} (You took it off a centaur on level 12 of the Dungeon)
 37897 | D:12     | Found Aggian's Book Emporium.
 37901 | D:12     | Bought a book of Flames for 385 gold pieces
 37907 | D:12     | Learned a level 5 spell: Fireball
 37912 | D:12     | Learned a level 4 spell: Sticky Flame
 38609 | D:12     | Reached skill level 19 in Spellcasting
 38749 | D:12     | Noticed Sonja
 38886 | D:12     | Killed Sonja
 39491 | D:13     | Found a large runed door.
 39492 | D:13     | Found a large runed door.
 40977 | D:13     | Found a gate to the Vaults.
 41038 | D:13     | Found a hazy altar of Hepliaklqana.
 41039 | D:13     | Noticed a storm dragon
 41333 | D:13     | Killed a storm dragon
 41441 | D:13     | Found a blossoming altar of Fedhas.
 41526 | D:14     | Reached skill level 10 in Evocations
 41529 | D:14     | Offered knowledge of Yara's Violent Unravelling by Vehumet.
 41841 | D:14     | Found Dididd's Magic Scroll Boutique.
 41844 | D:14     | Bought a scroll of magic mapping for 49 gold pieces
 41844 | D:14     | Bought a scroll of silence for 105 gold pieces
 41844 | D:14     | Bought a scroll of blinking for 105 gold pieces
 41844 | D:14     | Bought a scroll of fog for 28 gold pieces
 41844 | D:14     | Bought a scroll of immolation for 49 gold pieces
 41844 | D:14     | Bought a scroll of noise for 14 gold pieces
 42974 | D:15     | Entered Level 15 of the Dungeon
 43691 | D:14     | Reached XP level 16. HP: 73/86 MP: 41/41
 43787 | D:15     | Reached skill level 10 in Fire Magic
 43921 | D:15     | Found a shadowy altar of Dithmenos.
 43924 | D:15     | Found a hide-covered altar of Uskayaw.
 43936 | D:15     | Found a blossoming altar of Fedhas.
 44293 | D:15     | Found a staircase to the Depths.
 44438 | D:15     | Noticed Josephine
 44440 | D:15     | Killed Josephine
 44644 | D:15     | Reached skill level 5 in Fighting
 45491 | D:15     | Reached skill level 20 in Spellcasting
 46813 | D:15     | HP: 1/88 [meliai/divine providence (7)]
 46814 | D:15     | Killed from afar by a meliai

Skill      XL: |  1  2  3  4  5  6  7  8  9 10 11 12 13 14 15 16 |
---------------+-------------------------------------------------+-----
Conjurations   | 5 6 7 8 9 11 12 13 14 15 16 17 | 17.9
Stealth        | 3 4 5 |  5.6
Spellcasting   | 4 5 6 7 9 11 13 14 15 17 18 19 20 | 20.1
Fighting       | 1 2 3 4 5 |  5.4
Dodging        | 3 4 5 6 |  6.8
Armour         | 3 4 |  4.5
Shields        | 5 |  5.9
Evocations     | 2 5 7 9 10 | 10.7
Fire Magic     | 1 4 7 8 9 10 | 10.7
Poison Magic   | |  0.2

Action                   |  1- 3 |  4- 6 |  7- 9 | 10-12 | 13-15 | 16-18 || total
-------------------------+-------+-------+-------+-------+-------+-------++-------
Melee: Trident           |       |     5 |     3 |    39 |    24 |     5 ||    76
 Cast: Magic Dart        |    60 |    75 |   105 |   171 |    56 |     1 ||   468
       Searing Ray       |     2 |    24 |    22 |    41 |    25 |     1 ||   115
       Iskenderun's Myst |       |     3 |    83 |   331 |   915 |    98 ||  1430
       Force Lance       |       |       |       |    16 |    59 |     2 ||    77
       Mephitic Cloud    |       |       |       |     8 |    54 |       ||    62
       Fulminant Prism   |       |       |       |       |     7 |       ||     7
       Blink             |       |       |       |       |     8 |       ||     8
       Passwall          |       |       |       |       |     3 |       ||     3
       Bolt of Fire      |       |       |       |       |    45 |    58 ||   103
       Fireball          |       |       |       |       |    12 |     1 ||    13
       Bolt of Magma     |       |       |       |       |     7 |       ||     7
Evoke: Fan of gales      |       |       |       |       |       |     1 ||     1
  Use: Scroll            |       |       |       |     7 |     8 |     1 ||    16
       Potion            |       |       |       |       |     1 |     3 ||     4
 Stab: Distracted        |       |       |       |       |       |     1 ||     1
  Eat: Chunk             |     1 |     8 |    15 |    34 |    53 |    11 ||   122
       Royal jelly       |       |     1 |       |       |       |       ||     1
       Fruit             |       |       |     4 |     1 |     9 |     1 ||    15
       Meat ration       |       |       |       |       |     2 |       ||     2
Armor: Robe              |     2 |     7 |     4 |       |       |       ||    13
       Leather armour    |       |       |    15 |    70 |    50 |    20 ||   155
       Steam dragon scal |       |       |       |       |    26 |       ||    26
Dodge: Dodged            |     4 |    16 |    46 |   141 |   193 |    46 ||   446
Block: Buckler           |       |       |       |    44 |    69 |    15 ||   128
